 Dungeon Crawl Stone Soup version 0.21.0 (webtiles) character file.

24 tidbits the Sneak (level 2, 0/11 HPs)
             Began as a Felid Air Elementalist on Jan 7, 2018.
             Slain by an ice beast (5 damage)
             ... on level 2 of the Dungeon.
             The game lasted 00:05:02 (552 turns).

tidbits the Sneak (Felid Air Elementalist)           Turns: 552, Time: 00:05:03

Health: 0/11       AC:  1    Str:  4    XL:     2   Next: 79%
Magic:  3/6        EV: 18    Int: 16    God:
Gold:   40         SH:  0    Dex: 16    Spells: 4/5 levels left
                                        Lives:  0   Deaths: 0

rFire    . . .     SeeInvis +     - Unarmed
rCold    . . .     Gourm    .   (shield unavailable)
rNeg     + . .     Faith    .   (armour unavailable)
rPois    .         Spirit   .   (helmet unavailable)
rElec    .         Reflect  .   (cloak unavailable)
rCorr    .         Harm     .   (gloves unavailable)
MR       .....                  (boots unavailable)
Stlth    +++.......             (no amulet)
HPRegen  0.03/turn              c - ring of positive energy
MPRegen  0.10/turn              (no ring)

@: quick
A: very small, no armour, no weapons or thrown items, stealth, claws 1, fangs 3,
see invisible, carnivore, speed 1, shaggy fur 1, slow metabolism 1, sharp paws
a: no special abilities


You were on level 2 of the Dungeon.
You were completely stuffed.

You visited 1 branch of the dungeon, and saw 2 of its levels.

You collected 40 gold pieces.

Inventory:

Jewellery
 c - a ring of positive energy (left paw)
   (You found it on level 1 of the Dungeon)
Scrolls
 e - 2 scrolls of fog {unknown}
 f - a scroll of amnesia {unknown}
 g - a scroll of fear {unknown}
 h - 2 scrolls of remove curse
Potions
 i - a potion of brilliance
Books
 a - a book of Air

   Spells                             Type                      Level
   a - Shock                          Conjuration/Air              1
   b - Swiftness                      Charms/Air                   2
   c - Static Discharge               Conjuration/Air              3
   d - Airstrike                      Air                          4
   e - Lightning Bolt                 Conjuration/Air              5
Comestibles
 b - 2 rations


   Skills:
 - Level 2.6 Dodging
 + Level 3.9 Stealth
 + Level 1.6 Unarmed Combat
 - Level 2.0 Spellcasting
 - Level 0.8 Conjurations
 - Level 2.6 Air Magic


You had 4 spell levels left.
You knew the following spells:

 Your Spells              Type           Power        Failure   Level  Hunger
a - Shock                 Conj/Air       #...         10%         1    #......


Dungeon Overview and Level Annotations

Branches:
Dungeon (2/15)

Altars:
Xom


Innate Abilities, Weirdness & Mutations

You cannot wear armour.
You are incapable of wielding weapons or throwing items.
Your paws allow you to move quietly. (Stealth)
You have sharp claws.
You have razor-sharp teeth.
You have supernaturally acute eyesight. (SInv)
You are carnivorous and can eat meat at any time.
You cover ground quickly.
You are covered in fur. (AC +1)
You have a slow metabolism.
Your sharp claws are effective at attacking unaware monsters.


Message History

Aiming: Shock
Press: ? - help, Shift-Dir - straight line The zap hits the goblin.
You kill the goblin!
The zap hits the bat.
The bat is moderately wounded.
The zap hits the bat.
You kill the bat!
Casting: Shock
Confirm with . or Enter, or press ? or * to list all spells.
Aiming: Shock
Press: ? - help, Shift-Dir - straight line The zap hits the bat.
You kill the bat!
A dart slug comes into view.
Things that are here:
a dagger; 5 gold pieces You scratch the dart slug.
The dart slug is lightly wounded.
The dart slug barely misses you.
Casting: Shock
Confirm with . or Enter, or press ? or * to list all spells.
Aiming: Shock
Press: ? - help, Shift-Dir - straight line The zap hits the dart slug.
The dart slug is heavily wounded.
The zap hits the dart slug.
The dart slug is severely wounded.
The dart slug completely misses you.
Casting: Shock
Confirm with . or Enter, or press ? or * to list all spells.
You don't have enough magic to cast that spell.
You scratch the dart slug.
The dart slug is almost dead.
You scratch the dart slug.
You kill the dart slug!
You see here a dart slug corpse.
You butcher the dart slug corpse.
j - a chunk of flesh Eat a chunk of flesh? (ye/n/q)
You eat the chunk of flesh.
This raw flesh tastes great.
You now have 40 gold pieces (gained 5).
You see here a dagger.
A rat comes into view.
Found a runed short sword.
You barely miss the rat. The rat misses you.
You scratch the rat.
The rat is moderately wounded.
The rat misses you.
You barely miss the rat.
The rat is moderately wounded.
The rat misses you.
You scratch the rat.
You kill the rat!
Found a ration.
A frilled lizard comes into view.
The frilled lizard hisses angrily.
You scratch the frilled lizard.
You kill the frilled lizard!
b - 2 rations (gained 1)
Press: ? - help, v - describe, . - travel The floor.
You see here a dagger.
There is an escape hatch in the floor here.
You slide downwards.
The hatch slams shut behind you.
A bat and an ice beast come into view.
Found a scroll labeled XONTOE MAVOCANE.
The bat hits you.
Casting: Shock
Confirm with . or Enter, or press ? or * to list all spells.
Aiming: Shock
Press: ? - help, Shift-Dir - straight line The zap hits the bat.
You kill the bat!
Okay, then.
Okay, then.
As you read the scroll labeled XONTOE MAVOCANE, it crumbles to dust.
It is a scroll of identify.
h - 2 scrolls of remove curse
As you read the scroll of identify, it crumbles to dust.
i - a potion of brilliance A kobold comes into view.
It is wielding a short sword.
Okay, then.
Casting: Shock
Confirm with . or Enter, or press ? or * to list all spells.
Aiming: Shock
Press: ? - help, Shift-Dir - straight line The zap hits the ice beast.
The ice beast appears unharmed.
The zap hits the ice beast.
The ice beast is lightly wounded.
Casting: Shock
Confirm with . or Enter, or press ? or * to list all spells.
Aiming: Shock
Press: ? - help, Shift-Dir - straight line The zap misses the ice beast.
The zap hits the ice beast.
The ice beast is lightly wounded.
The ice beast hits you.
* * * LOW HITPOINT WARNING * * *
The ice beast freezes you.
You die...

#..# K...
#..# ##..#
#..# ....
#..# 8..
#..# #.?
#..# #.#
#..#
#.####..#
#.Y@....#
####.##.#
#....##...
#.#####.###
# #.# ..#
###


You could see an ice beast.

Vanquished Creatures
  A dart slug (D:1)
  A giant cockroach (D:1)
  3 goblins (D:1)
  3 hobgoblins (D:1)
  A jackal (D:1)
  2 kobolds (D:1)
  A quokka (D:2)
  5 bats
  3 frilled lizards (D:1)
  3 rats (D:1)
23 creatures vanquished.

Notes
Turn   | Place    | Note
-------+----------+-------------------------------------------
     0 | D:1      | tidbits the Felid Air Elementalist began the quest for the Orb.
     0 | D:1      | Reached XP level 1. HP: 7/7 MP: 4/4
   116 | D:1      | Reached skill level 3 in Stealth
   226 | D:1      | Reached skill level 1 in Unarmed Combat
   280 | D:1      | Reached XP level 2. HP: 5/11 MP: 0/6
   373 | D:1      | Found a shimmering altar of Xom.
   545 | D:2      | Noticed an ice beast
   552 | D:2      | Slain by an ice beast

Skill      XL: |  1 |
---------------+----+-----
Stealth        | 3 |  3.9
Unarmed Combat | 1 |  1.6
Dodging        | |  2.6
Spellcasting   | |  2.0
Conjurations   | |  0.8
Air Magic      | |  2.6

Action                   || total
-------------------------++-------
Melee: Unarmed           ||    13
 Cast: Shock             ||    31
  Use: Potion            ||     1
       Scroll            ||     2
 Stab: Sleeping          ||     2
  Eat: Chunk             ||     7
Dodge: Dodged            ||    25

Table legend:
 A = Turns spent in this place as a percentage of turns spent in the entire game.
 B = Non-inter-level travel turns spent in this place as a percentage of non-inter-level travel turns spent in the entire game.
 C = Inter-level travel turns spent in this place as a percentage of turns spent in this place.
 D = Turns resting spent in this place as a percentage of non-inter-level travel turns spent in this place.
 E = Turns spent auto-exploring this place as a percentage of non-inter-level travel turns spent in this place.
 F = Non-inter-level travel turns spent in this place divided by the number of levels of this place that you've seen.
                   A       B       C       D       E      F
               +-------+-------+-------+-------+-------+----------------------
         Total | 100.0 | 100.0 |   3.6 |   0.0 |   0.0 | 266.0
       Dungeon | 100.0 | 100.0 |   3.6 |   0.0 |   0.0 | 266.0
               +-------+-------+-------+-------+-------+----------------------

Table legend:
 A = Kills in this place as a percentage of kills in entire the game.
 B = Kills by you in this place as a percentage of kills by you in the entire game.
 C = Kills by friends in this place as a percentage of kills by friends in the entire game.
 D = Other kills in this place as a percentage of other kills in the entire game.
 E = Experience gained in this place as a percentage of experience gained in the entire game.
 F = Experience gained in this place divided by the number of levels of this place that you have seen.
                   A       B       C       D       E      F
               +-------+-------+-------+-------+-------+----------------------
         Total | 100.0 | 100.0 |   N/A |   N/A | 100.0 |  17.5
       Dungeon | 100.0 | 100.0 |   N/A |   N/A | 100.0 |  17.5
               +-------+-------+-------+-------+-------+----------------------

Vault maps used:
D:1:      scummos_arrival_checkerplants, xom_teletrap_fun
D:2:      minitemple, nicolae_overflow_hidden_temple, uniq_sigmund
